 Dungeon Crawl Stone Soup version 0.16-a0-2676-gfc1a37c (webtiles) character file.

5889 FishServ the Spear-Bearer (level 10, 0/85 HPs)
             Began as a Merfolk Berserker on Nov 24, 2014.
             Was a High Priest of Trog.
             Slain by a hill giant
             ... wielding a +0 giant club
              (23 damage)
             ... on level 11 of the Dungeon.
             The game lasted 00:39:26 (5747 turns).

FishServ the Spear-Bearer (Merfolk Berserker)       Turns: 5747, Time: 00:39:26

Health: 0/85       AC:  9    Str: 25    XL:     10   Next: 82%
Magic:  3/3        EV: 20    Int:  9    God:    Trog [*****.]
Gold:   264        SH:  0    Dex: 15    Spells: 0 memorised, 9 levels left

rFire  . . .     SeeInvis .     a - +3 glaive (antimagic)
rCold  . . .     Clarity  .     p - +0 leather armour of Trumpets {Str+5}
rNeg   . . .     SustAb   .     (no shield)
rPois  .         Gourm    .     d - +1 helmet
rElec  .         Spirit   .     (no cloak)
rCorr  .         Warding  .     u - +0 pair of gloves
rMut   .         Stasis   .     F - +1 pair of boots
MR     +++..                    (no amulet)
Stlth  +.........               z - ring of the Mage {Wiz MR++ Int+3}
                                h - ring of protection from magic

@: hasted, very quick, extremely resistant to hostile enchantments, very
unstealthy
A: change form in water, swift swim, repulsion field 1
a: Burn Spellbooks, Berserk, Trog's Hand, Brothers in Arms, Renounce Religion


You were on level 11 of the Dungeon.
You worshipped Trog.
Trog was extremely pleased with you.
You were very hungry.

You visited 1 branch of the dungeon, and saw 11 of its levels.

You collected 264 gold pieces.

Inventory:

Hand weapons
 a - a +3 antimagic glaive (weapon)
 b - a +0 blowgun
Missiles
 i - 5 tomahawks (quivered)
 w - 42 stones
Armour
 d - a +1 helmet (worn)
 p - the +0 leather armour of Trumpets (worn) {Str+5}
   (You found it on level 6 of the Dungeon)

   It affects your strength (+5).
 u - a +0 pair of gloves (worn)
 y - a +0 chain mail
 F - a +1 pair of boots (worn)
Jewellery
 e - an uncursed ring of protection from cold
 h - a ring of protection from magic (left hand)
 t - an uncursed ring of protection from fire {unknown}
 z - the ring of the Mage (right hand) {Wiz MR++ Int+3}
   (You found it on level 4 of the Dungeon)

   [ring of wizardry]

   It improves your spell success rate.
   It affects your intelligence (+3).
   It affects your resistance to hostile enchantments.
Magical devices
 A - a wand of hasting (8)
 L - a wand of disintegration (13)
Scrolls
 l - a scroll of blinking
 s - 2 scrolls of magic mapping
 C - a scroll of vulnerability {unknown}
 I - a scroll of remove curse
 J - a scroll of teleportation
 K - a scroll of noise {unknown}
Potions
 j - a potion of might
 n - 2 potions of magic
 q - a potion of heal wounds
 v - a potion of invisibility
 E - 2 potions of curing
 G - a potion of agility
 H - a potion of resistance
Books
 g - a book of Cantrips

   Spells                             Type                      Level
   Corona                             Hexes                        1
   Animate Skeleton                   Necromancy                   1
   Summon Small Mammal                Summoning                    1
   Apportation                        Translocation                1
   Trog disapproves of the use of such an item.
 x - a book of Clouds

   Spells                             Type                      Level
   Mephitic Cloud                     Conjuration/Poison/Air       3
   Conjure Flame                      Conjuration/Fire             3
   Poisonous Cloud                    Conjuration/Poison/Air       6
   Freezing Cloud                     Conjuration/Ice/Air          6
   Ring of Flames                     Charms/Fire                  7
   Trog disapproves of the use of such an item.
Comestibles
 c - 10 bread rations
 f - 4 royal jellies
 k - 2 slices of pizza
 m - 3 beef jerkies
 r - 3 meat rations
 B - 6 fruits


   Skills:
 - Level 10.0 Fighting
 + Level 13.7 Polearms
 + Level 4.3 Armour
 - Level 10.2 Dodging


You had 9 spell levels left.
You didn't know any spells.

Dungeon Overview and Level Annotations

Branches:
Dungeon (11/15)            Temple (0/1) D:4
   Lair: D:8-11         Orc: D:9-12

Altars:
Dithmenos
Elyvilon
Gozag
Makhleb
Okawaru
Qazlal
Trog
Vehumet
Zin
The Shining One

Shops:
D:4 %*

Annotations:
D:9 runed door


Innate Abilities, Weirdness & Mutations

You revert to your normal form in water.
You are very nimble and swift while swimming.
You are surrounded by a mild repulsion field (EV +2).


Message History

You slash the hill giant!
The hill giant is moderately wounded.
The hill giant barely misses you.
You slash the hill giant!
The hill giant is heavily wounded.
The hill giant hits you with a giant club!!
* * * LOW HITPOINT WARNING * * *
You hear the ticking of a clock, a long way away.
Evoke which item? (* to show all) (? for menu, Esc to quit)
Okay, then.
You are too injured to fight recklessly!
Evoke which item? (* to show all) (? for menu, Esc to quit)
Zapping:
A - a wand of hasting (will waste charges)
Press: ? - help, Shift-Dir - straight line, f - you, p - hill giant
Okay, then.
Unknown command.
Drink which item? (? for menu, Esc to quit)
You feel yourself speed up.
The hill giant hits you with a giant club!!
You die...

+.'...# #.# #.#####
#.# #.# #.#
..#######'#######.#
..................#
...............##.#
.........>.......#
.............#####
#.........@.<#
#.......C...#
##..........#
##.........#
#..(......#
............#
............#
.(.........#
..........#


You could see a hill giant.

Vanquished Creatures
  An unseen horror (D:9)
  Pikel (D:9)
  An ugly thing (D:11)
  A troll (D:10)
  A hungry ghost (D:9)
  4 hippogriffs
  Edmund (D:4)
  A yak (D:9)
  2 sky beasts
  2 black bears
  A phantom (D:9)
  An ogre (D:4)
  A necrophage (D:9)
  3 centaurs
  3 orc warriors
  An ice beast (D:5)
  2 giant frogs (D:9)
  10 wights (D:8)
  4 scorpions
  A troll skeleton (D:9)
  2 spriggan skeletons (D:9)
  A giant frog zombie (D:9)
  A goliath beetle (D:8)
  4 crimson imps
  7 orc priests
  2 giant frog skeletons
  2 jellies (D:9)
  4 hounds
  A centaur skeleton (D:5)
  2 iguanas
  7 orc wizards
  2 killer bee zombies
  2 worker ants
  A hound skeleton (D:4)
  3 worker ant zombies
  12 adders
  5 gnolls
  A giant mite (D:9)
  2 worms (D:2)
  2 shadow imps (D:9)
  An adder skeleton (D:8)
  5 giant geckos
  32 orcs
  13 bats
  5 giant cockroaches
  21 hobgoblins
  17 kobolds
  2 giant newts
  2 giant spores
  12 goblins
  3 quokkas
  4 rats
  3 ballistomycetes
225 creatures vanquished.

Vanquished Creatures (others)
  A slave (D:9)
  2 giant frogs (D:9)
  A scorpion (D:9)
  A crimson imp (D:9)
  3 orcs
  A kobold (D:9)
  A quokka (D:9)
10 creatures vanquished.

Grand Total: 235 creatures vanquished

Notes
Turn   | Place    | Note
--------------------------------------------------------------
     0 | D:1      | FishServ, the Merfolk Berserker, began the quest for the Orb.
     0 | D:1      | Reached XP level 1. HP: 18/18 MP: 1/1
    82 | D:1      | Reached skill level 5 in Polearms
   111 | D:1      | Reached XP level 2. HP: 21/24 MP: 2/2
   247 | D:2      | Found a stormy altar of Qazlal.
   247 | D:2      | Found a glowing golden altar of the Shining One.
   247 | D:2      | Found a bloodstained altar of Trog.
   247 | D:2      | Found a white marble altar of Elyvilon.
   247 | D:2      | Found an iron altar of Okawaru.
   367 | D:2      | Reached XP level 3. HP: 29/29 MP: 3/3
   369 | D:2      | Reached skill level 6 in Polearms
   393 | D:2      | Acquired Trog's second power
   550 | D:2      | Reached XP level 4. HP: 31/35 MP: 4/4
   578 | D:2      | Reached skill level 7 in Polearms
   986 | D:3      | Reached skill level 8 in Polearms
  1018 | D:3      | Reached XP level 5. HP: 21/41 MP: 5/5
  1151 | D:4      | Found Zin's Purification Station.
  1156 | D:4      | Noticed Edmund
  1173 | D:4      | Killed Edmund
  1173 | D:4      | Reached skill level 9 in Polearms
  1173 | D:4      | Reached XP level 6. HP: 30/47 MP: 6/6
  1201 | D:4      | Found a glowing silver altar of Zin.
  1224 | D:4      | Reached skill level 10 in Polearms
  1229 | D:4      | Noticed an ogre
  1245 | D:4      | Killed an ogre
  1514 | D:4      | Reached skill level 11 in Polearms
  1514 | D:4      | Reached XP level 7. HP: 40/52 MP: 7/7
  1545 | D:4      | Found a staircase to the Ecumenical Temple.
  1568 | D:4      | Found Entoy's Food Shop.
  1758 | D:4      | Acquired Trog's third power
  1965 | D:5      | Entered Level 5 of the Dungeon
  2067 | D:5      | Found a burning altar of Makhleb.
  2292 | D:5      | Gained mutation: You are surrounded by a mild repulsion field (EV +2). [potion of beneficial mutation]
  2297 | D:5      | Reached skill level 12 in Polearms
  2476 | D:5      | Found a radiant altar of Vehumet.
  2495 | D:5      | Reached XP level 8. HP: 52/58 MP: 8/8
  2733 | D:6      | Got an encrusted leather armour
  2748 | D:6      | Identified the +0 leather armour of Trumpets {Str+5} (You found it on level 6 of the Dungeon)
  3100 | D:6      | Reached skill level 5 in Dodging
  3243 | D:7      | Reached skill level 5 in Fighting
  3614 | D:8      | Reached XP level 9. HP: 69/69 MP: 9/9
  4497 | D:9      | Noticed Pikel
  4519 | D:9      | Killed Pikel
  4519 | D:9      | Reached skill level 10 in Dodging
  4519 | D:9      | Reached XP level 10. HP: 76/82 MP: 10/10
  4802 | D:9      | Found a runed door.
  4835 | D:9      | Killed an unseen horror
  4894 | D:9      | Received a gift from Trog
  5017 | D:9      | Reached skill level 10 in Fighting
  5104 | D:9      | Found a shadowy altar of Dithmenos.
  5166 | D:10     | Entered Level 10 of the Dungeon
  5221 | D:10     | Reached skill level 13 in Polearms
  5504 | D:10     | Found an opulent altar of Gozag.
  5688 | D:11     | Noticed a green ugly thing
  5705 | D:11     | Killed a green ugly thing
  5739 | D:11     | Noticed a hill giant
  5747 | D:11     | Slain by a hill giant

Action                   |  1- 3 |  4- 6 |  7- 9 | 10-12 || total
-------------------------+-------+-------+-------+-------++-------
Melee: Spear             |    94 |    38 |       |       ||   132
       Halberd           |       |    59 |   426 |    67 ||   552
       Glaive            |       |       |       |   105 ||   105
 Fire: Blowgun           |       |    13 |     5 |       ||    18
Throw: Stone             |     1 |     5 |       |     5 ||    11
       Tomahawk          |       |    21 |    14 |    12 ||    47
       Javelin           |       |       |    39 |    21 ||    60
Invok: Trog's Hand       |       |       |       |     1 ||     1
Evoke: Wand              |    13 |    10 |       |       ||    23
  Use: Scroll            |       |     7 |     9 |     2 ||    18
       Potion            |       |       |     3 |     2 ||     5
 Stab: Distracted        |       |     2 |       |       ||     2
       Sleeping          |       |       |     1 |     1 ||     2
  Eat: Chunk             |       |     2 |    10 |     4 ||    16
